 Dungeon Crawl Stone Soup version 0.26-a0-800-g517d6fe721 (webtiles) character file.

Game seed: 18321969500882780516

84 EnegeticOcto the Ruffian (level 4, -2/40 HPs)
             Began as a Ghoul Warper on Nov 11, 2020.
             Killed from afar by an orc wizard (4 damage)
             ... with a magic dart
             ... on level 3 of the Dungeon.
             The game lasted 00:04:14 (532 turns).

EnegeticOcto the Ruffian (Ghoul Warper)              Turns: 532, Time: 00:04:15

Health: -2/40      AC:  6    Str: 14      XL:     4   Next: 46%
Magic:  5/5        EV:  9    Int:  9      God:
Gold:   72         SH:  0    Dex:  7 (8)  Spells: 6/6 levels left

rFire    . . .     SeeInvis .     - Unarmed
rCold    + . .     Faith    .   (no shield)
rNeg     + + +     Spirit   .   d - +0 scale mail
rPois    ∞         Reflect  .   (no helmet)
rElec    .         Harm     .   (no cloak)
rCorr    +         Rampage  .   (no gloves)
MR       .....                  (no boots)
Stlth    ..........             (no amulet)
HPRegen  0.00/turn              j - ring of resist corrosion
MPRegen  0.09/turn              (no ring)

@: no status effects
A: rotting body, claws 1, cold resistance 1, negative energy resistance 3,
inhibited regeneration, torment resistance, unbreathing
a: no special abilities


You were on level 3 of the Dungeon.
You visited 1 branch of the dungeon, and saw 3 of its levels.

You collected 72 gold pieces.

Inventory:

Armour
 a - a +0 leather armour
 d - a +0 scale mail (worn)
   (You took it off Terence on level 2 of the Dungeon)
Jewellery
 j - a ring of resist corrosion (left claw)
   (You found it on level 3 of the Dungeon)
Scrolls
 c - a scroll of blinking {@r4}
 e - 2 scrolls of teleportation {unknown}
 f - 2 scrolls of fear {unknown}
 g - 2 scrolls of identify {unknown}
 i - a scroll of immolation {unknown}
Potions
 h - a potion of mutation


   Skills:
 + Level 3.8 Fighting
 - Level 0.8 Throwing
 - Level 0.8 Armour
 - Level 1.7 Dodging
 + Level 3.8 Unarmed Combat
 - Level 1.7 Spellcasting
   Level 2.6 Translocations


You had 6 spell levels left.
You didn't know any spells.
Your spell library contained the following spells:

 Spells                   Type           Power        Failure   Level
 Blink                    Tloc           N/A          58%         2
 Gell's Gravitas          Tloc           #.........   83%         3
 Lesser Beckoning         Tloc           #.........   83%         3
 Teleport Other           Tloc           #.......     83%         3
 Passage of Golubria      Tloc           N/A          99%         4


Dungeon Overview and Level Annotations

Branches:
Dungeon (3/15)

Altars:
Xom


Innate Abilities, Weirdness & Mutations

Your body is rotting away.
You thrive by killing the living.
You are immune to poison.
You have sharp fingernails.
Your flesh is cold resistant. (rC+)
You are immune to negative energy. (rN+++)
You do not regenerate when monsters are visible.
You are immune to unholy pain and torment.
You can survive without breathing.


Message History

The adder closely misses you.
You claw the adder!
You kill the adder!
You feel better.
You feel your strength returning.
You closely miss the kobold. The kobold barely misses you.
You closely miss the kobold. The kobold closely misses you.
You scratch the kobold.
You kill the kobold!
You feel better.
A frilled lizard comes into view.
Things that are here:
a +0 short sword; a kobold corpse; an adder corpse You see here 7 gold pieces.
You now have 72 gold pieces (gained 7).
The frilled lizard hisses angrily.
Things that are here:
a +0 short sword; a kobold corpse; an adder corpse You miss the frilled lizard.
You scratch the frilled lizard.
You kill the frilled lizard!
You feel better.
An orc wizard comes into view. It is wielding a +0 dagger.
The orc wizard shouts!
You hear a shout! x2
The orc wizard gestures at you while chanting.
You are confused.
An orc comes into view. It is wielding a +0 vorpal hand axe.
You're too confused to move!
You bump into the rock wall.
You bump into the rock wall.
An orc wizard comes into view. It is wielding a +0 dagger.
The orc wizard shouts!
The orc wizard points at you and mumbles some strange words.
You are more confused.
An orc comes into view. It is wielding a +0 flail.
Found 24 stones.
Okay, then.
The orc wizard hits you but does no damage.
The orc wizard hits you but does no damage.
The orc barely misses you.
You bump into the rock wall.
The orc wizard hits you with a +0 dagger.
The orc hits you but does no damage.
The orc wizard gestures wildly while chanting.
The orc wizard flickers and vanishes!
Deactivating autopickup; reactivate with Ctrl-A.
You feel less confused.
The orc wizard looks braver for a moment.
You closely miss the orc. The orc hits you but does no damage.
You claw the orc!
You kill the orc!
You closely miss something.
You hear some strange, mumbled words.
Something tries to affect you, but you resist.
You closely miss something. You barely miss the orc.
Something hits you but does no damage. The orc hits you but does no damage.
You barely miss the orc. Something hits you.
The orc hits you but does no damage.
You closely miss the orc.
You hear some strange, mumbled words.
A magic dart appears from out of thin air!
The magic dart hits you!
* * * LOW HITPOINT WARNING * * *
Your scale mail prevents you from hitting the orc.
You hear some strange, mumbled words.
Something tries to affect you, but you resist.
Things that are here:
a +0 short sword; a kobold corpse; an adder corpse You scratch the orc.
The orc is heavily wounded.
The orc hits you but does no damage.
You closely miss the orc.
The orc is heavily wounded.
The orc barely misses you.
You scratch the orc but do no damage.
The orc is heavily wounded.
The orc hits you with a +0 flail.
* * * LOW HITPOINT WARNING * * *
You barely miss the orc.
The orc is heavily wounded.
You scratch the orc but do no damage.
The orc is heavily wounded.
The orc hits you with a +0 flail!
* * * LOW HITPOINT WARNING * * *
You claw the orc!
You kill the orc!
Okay, then.
You swing at nothing.
The orc wizard mumbles some strange words.
The orc wizard seems to speed up.
You closely miss something. Something hits you but does no damage.
You scratch something but do no damage.
The orc wizard gestures at you while chanting.
The magic dart hits something!
Something hits you but does no damage.
You closely miss something.
You hear some strange, mumbled words.
A magic dart appears from out of thin air!
The magic dart hits you.
You die...

...........##.......#
...........'.....?..#
.....#.....##........
.....................
#...##...............
.....................
....................
....................
######@####)#......
#{#...........
#o...o........
##............
#........(....
#..........(..
#...........##
##..........#
#.###.......


You could see an orc wizard (fast).

Vanquished Creatures
  Terence (D:2)
  2 adders (D:3)
  2 worms (D:2)
  A leopard gecko (D:2)
  2 orcs (D:3)
  A ball python (D:2)
  2 giant cockroaches
  5 goblins
  2 hobgoblins
  2 jackals (D:2)
  A bat (D:2)
  4 frilled lizards
  4 kobolds
  4 rats
33 creatures vanquished.

Notes
Turn   | Place    | Note
-------+----------+-------------------------------------------
     0 | D:1      | EnegeticOcto the Ghoul Warper began the quest for the Orb.
     0 | D:1      | Reached XP level 1. HP: 17/17 MP: 2/2
   145 | D:2      | Noticed Terence
   148 | D:2      | Reached XP level 2. HP: 17/25 MP: 3/3
   177 | D:2      | Killed Terence
   177 | D:2      | Reached skill level 3 in Fighting
   177 | D:2      | Reached skill level 3 in Unarmed Combat
   177 | D:2      | Reached XP level 3. HP: 12/31 MP: 4/4
   336 | D:2      | Found a shimmering altar of Xom.
   419 | D:2      | Reached XP level 4. HP: 13/38 MP: 5/5
   434 | D:2      | Noticed an orc warrior
   527 | D:3      | HP: 2/40 [orc/+0 flail (7)]
   532 | D:3      | Killed from afar by an orc wizard

Illustrated notes

Levels and vault maps discovered:
D:1:      dpeg_arrival_prison, layout_basic, chequers_serial_rivers_small_3
D:2:      layout_rooms, lemuel_crystal_altar, uniq_terence,
          uniq_crazy_yiuf_cottage
D:3:      wad_lake_hut, layout_basic, yredelemnul_forgotten_temple_becter,
          overflow_temple_1_default, led_sif_pool, lemuel_coloured_pillars_altar

Skill      XL: |  1  2 |
---------------+-------+-----
Fighting       | 3 |  3.8
Unarmed Combat | 3 |  3.8
Throwing       | |  0.8
Armour         | |  0.8
Dodging        | |  1.7
Spellcasting   | |  1.7
Translocations | |  2.6

Action                   |  1- 3 |  4- 6 || total
-------------------------+-------+-------++-------
Melee: Unarmed           |    86 |    36 ||   122
Throw: Boomerang         |    32 |     6 ||    38
  Use: Potion            |     2 |       ||     2
Armor: Leather armour    |     7 |       ||     7
       Scale mail        |    25 |    14 ||    39
Dodge: Dodged            |    39 |    10 ||    49

Table legend: (Time is in decaauts)
 A = Elapsed time spent in this place.
 B = Non-inter-level travel time spent in this place.
 C = Inter-level travel time spent in this place.
 D = Time resting spent in this place.
 E = Time spent auto-exploring this place.
 F = Levels seen in this place.
 G = Mean time per level.
                   A        B        C        D        E       F      G
               +--------+--------+--------+--------+--------+-----+--------+
         Total |    535 |    535 |      0 |      0 |      0 |   3 |  178.3 |
       Dungeon |    535 |    535 |      0 |      0 |      0 |   3 |  178.3 |
               +--------+--------+--------+--------+--------+-----+--------+

Top non-repeatable levels by time:
     D:2: 295 daAuts
     D:1: 146 daAuts
     D:3: 93 daAuts
